 Dungeon Crawl Stone Soup version 0.19.0-16-g73b5abf (webtiles) character file.

87 IcyTea the Vandal (level 4, 28/28 HPs)
             Began as a Halfling Summoner on Nov 10, 2016.
             Was a Follower of Kikubaaqudgha.
             Quit the game on level 3 of the Dungeon.
             The game lasted 00:09:34 (2713 turns).

IcyTea the Vandal (Halfling Summoner)               Turns: 2713, Time: 00:09:35

Health: 28/28      AC:  9    Str:  9    XL:     4   Next: 80%
Magic:  6/6        EV: 19    Int: 13    God:    Kikubaaqudgha [*.....]
Gold:   181        SH:  0    Dex: 20    Spells: 1 memorised, 5 levels left

rFire  . . .     SeeInvis .     b - +0 short sword (drain)
rCold  . . .     Gourm    .     g - +0 mottled dragon scales
rNeg   . . .     Faith    .     (shield restricted)
rPois  .         Spirit   .     (no helmet)
rElec  .         Reflect  .     l - +1 cloak
rCorr  .         Harm     .     k - +0 pair of gloves
MR     .....                    (no boots)
Stlth  +++.......               (no amulet)
                                (no ring)
                                (no ring)

@: agile
A: mutation resistance 1, wild magic 1
a: Receive Corpses, Renounce Religion


You were on level 3 of the Dungeon.
You worshipped Kikubaaqudgha.
Kikubaaqudgha was aware of your devotion.
You were not hungry.

You visited 1 branch of the dungeon, and saw 4 of its levels.

You collected 181 gold pieces.

Inventory:

Hand Weapons
 a - a +0 hunting sling
 b - a +0 short sword of draining (weapon)
Missiles
 f - 85 sling bullets
Armour
 g - +0 mottled dragon scales (worn)
 k - a +0 pair of gloves (worn)
 l - a +1 cloak (worn)
Scrolls
 j - 2 scrolls of fear
Potions
 d - a potion of brilliance {unknown}
 e - a potion of agility
Books
 h - a book of Callings

   Spells                             Type                      Level
   a - Summon Small Mammal            Summoning                    1
   b - Call Imp                       Summoning                    2
   c - Call Canine Familiar           Summoning                    3
   d - Summon Guardian Golem          Hexes/Summoning              3
   e - Summon Lightning Spire         Summoning/Air                4
   f - Summon Ice Beast               Ice/Summoning                4
 m - Kikubaaqudgha's Disquisition on Sinister Rituals
   (Kikubaaqudgha gifted it to you on level 3 of the Dungeon)

   Spells                             Type                      Level
   a - Pain                           Necromancy                   1
   b - Corpse Rot                     Necromancy                   2
   c - Sublimation of Blood           Necromancy                   2
   d - Vampiric Draining              Necromancy                   3
   e - Control Undead                 Necromancy                   4
Comestibles
 c - 5 bread rations
 i - a meat ration


   Skills:
 - Level 1.0 Fighting
 + Level 2.6 Short Blades
 - Level 4.0 Slings
 - Level 2.1 Dodging
 - Level 2.1 Stealth
 - Level 1.5 Spellcasting
 - Level 3.2 Summonings


You had 5 spell levels left.
You knew the following spells:

 Your Spells              Type           Power        Failure   Level  Hunger
a - Summon Small Mammal   Summ           ##..         21%         1    ##.....


Dungeon Overview and Level Annotations

Branches:
Dungeon (4/15)
 Temple: D:4-7

Altars:
Kikubaaqudgha
Okawaru
Sif Muna


Innate Abilities, Weirdness & Mutations

You are small and have problems with some larger weapons.
You are somewhat resistant to further mutation.
Your spells are a little harder to cast, but a little more powerful.


Message History

HP restored.
Found 10 arrows.
e - 2 fizzy puce potions (gained 1)
c - 5 bread rations (gained 1) No target in view!
It was a potion of agility.
You feel agile all of a sudden.
There is a faded altar of an unknown god here.
You cannot tell which god this altar belongs to.
Convert to them anyway?
Kikubaaqudgha accepts your prayer! Kikubaaqudgha welcomes you!
You can now receive cadavers from Kikubaaqudgha.
You see here Kikubaaqudgha's Disquisition on Sinister Rituals.
Kikubaaqudgha grants you a gift! m - Kikubaaqudgha's Disquisition on Sinister Rituals Quiver which item? (- for none, * to show all) (? for menu, Esc to quit)
Okay, then.
Are you sure you want to abandon this character and quit the game? (Confirm with "yes".)
Okay, then.
Are you sure you want to abandon this character and quit the game? (Confirm with "yes".)

#......... #.
##.........#####.
#>...............
#.......#########
#####.......# #
#........############
##...8....)...........
#...8.8...############
#..8.@.8..#
#...8.8...#
#....8...##
##........#
#.......(.#
#.........###
#...........#
#...........#
######......#


There were no monsters in sight!

Vanquished Creatures
  An adder (D:2)
  3 worms (D:2)
  3 dart slugs
  A leopard gecko (D:2)
  5 orcs (D:3)
  3 giant cockroaches
  4 goblins
  3 hobgoblins
  6 jackals (D:2)
  2 ball pythons
  9 bats
  2 frilled lizards
  7 kobolds
  4 rats
53 creatures vanquished.

Vanquished Creatures (collateral kills)
  A dart slug (D:1)
  A bat (D:1)
2 creatures vanquished.

Grand Total: 55 creatures vanquished

Notes
Turn   | Place    | Note
-------+----------+-------------------------------------------
     0 | D:1      | IcyTea the Halfling Summoner began the quest for the Orb.
     0 | D:1      | Reached XP level 1. HP: 11/11 MP: 3/3
   377 | D:1      | Reached skill level 1 in Fighting
   764 | D:1      | Reached XP level 2. HP: 15/18 MP: 4/4
   779 | D:1      | Reached skill level 1 in Short Blades
   911 | D:1      | Reached skill level 1 in Slings
  1113 | D:1      | Reached skill level 2 in Slings
  1363 | D:2      | Reached XP level 3. HP: 23/23 MP: 5/5
  1421 | D:2      | Gained mutation: Your spells are a little harder to cast, but a little more powerful. [potion of mutation]
  1609 | D:2      | Reached skill level 3 in Slings
  1917 | D:2      | Reached XP level 4. HP: 24/28 MP: 6/6
  1963 | D:2      | Reached skill level 4 in Slings
  2199 | D:3      | Found an iron altar of Okawaru.
  2211 | D:3      | Found a deep blue altar of Sif Muna.
  2405 | D:3      | You fall through a shaft!
  2429 | D:4      | Found an ancient bone altar of Kikubaaqudgha.
  2623 | D:3      | Found a faded altar of an unknown god.
  2712 | D:3      | Became a worshipper of Kikubaaqudgha
  2712 | D:3      | Reached * piety under Kikubaaqudgha
  2712 | D:3      | Identified Kikubaaqudgha's Disquisition on Sinister Rituals (Kikubaaqudgha gifted it to you on level 3 of the Dungeon)
  2712 | D:3      | Received a gift from Kikubaaqudgha
  2713 | D:3      | Quit the game

Skill      XL: |  1  2  3  4 |
---------------+-------------+-----
Fighting       | 1 |  1.0
Short Blades   | 1 2 |  2.6
Slings         | 2 3 4 |  4.0
Dodging        | |  2.1
Stealth        | |  2.1
Spellcasting   | |  1.5
Summonings     | |  3.2

Action                   |  1- 3 |  4- 6 || total
-------------------------+-------+-------++-------
Melee: Unarmed           |    56 |       ||    56
       Dagger            |    22 |       ||    22
       Short sword       |    58 |    73 ||   131
 Fire: Hunting sling     |    25 |     7 ||    32
 Cast: Summon Small Mamm |     6 |       ||     6
  Use: Scroll            |     7 |       ||     7
       Potion            |     2 |     1 ||     3
 Stab: Sleeping          |     3 |     2 ||     5
       Distracted        |       |     1 ||     1
  Eat: Chunk             |     3 |     3 ||     6
Armor: Robe              |    19 |       ||    19
       Ring mail         |    35 |       ||    35
       Mottled dragon sc |     1 |    20 ||    21
Dodge: Dodged            |   140 |    48 ||   188
